AoeStats
← Groove8733

Arena

510278495Analyzed
1v1 RM · 1d ago on Sep 30, 2026· 44m 51s· 2 players
Game mode
Random Map
Map size
Tiny (2 player)
Population
200
Speed
Normal
Resources
Standard
Victory
Conquest
Starting age
Dark Age
Ending age
Imperial Age
RankedLock teamsTeams togetherTeam positionsShared explorationLock speedFull tech treeHidden civsTurbo modeCheats
Victory
Defeat
🇩🇪 Slavs · Germany
525
+20
🇦🇺 Magyars · Australia
619
-40
PersianAria95
11:58 Feudal Age
16:07 Castle Age
14:30 Double-Bit Axe
15:11 Horse Collar
17:39 Wheelbarrow
22:11 Loom
24:07 Bow Saw
26:50 Hand Cart
28:22 Gold Mining
28:23 Stone Mining
29:13 Heavy Plow
32:16 Imperial Age
30:19 Scale Mail Armor
30:30 Forging
30:27 Scale Barding Armor
31:14 Gold Shaft Mining
31:14 Masonry
31:16 Fortified Wall
31:46 Husbandry
31:57 Bloodlines
33:10 Iron Casting
33:54 Conscription
34:11 Hoardings
34:52 Two-Man Saw
34:55 Crop Rotation
34:46 Squires
34:08 Man-at-Arms
34:09 Pikeman
34:13 Capped Ram
36:03 Chain Mail Armor
35:49 Padded Archer Armor
36:09 Halberdier
36:11 Long Swordsman
36:29 Elite Boyar
38:07 Ballistics
40:27 Siege Ram
Groove8733
7:29 Loom
10:25 Feudal Age
11:21 Double-Bit Axe
11:48 Horse Collar
14:07 Wheelbarrow
14:38 Gold Mining
21:11 Castle Age
20:50 Padded Archer Armor
22:11 Bow Saw
22:04 Heavy Plow
22:03 Light Cavalry
38:13 Imperial Age
36:31 Crossbowman
37:44 Hand Cart
38:39 Corvinian Army
43:57 Scale Barding Armor
44:05 Bloodlines
Connection lost

Rejoining the realm…

Still unreachable

The connection could not be restored.

Session expired

The server has moved on; the page needs a fresh start.